Map: Orbital Shipyard

Players

Miszu

  • Race: Terran Terran
  • League: Grandmaster

Rodzyn - Winner!

  • Race: Protoss Protoss
  • League: Grandmaster

VOD

Have the link to the VOD?

Description

Time

  • Played on: Feb. 21, 2016, 4:32 p.m.
  • Length: 6:39
Show
View Real Time Build Order
Export as new Build Order

Miszu Terran 

Build Orders: Command Center First (CC) 

Get SALT Encoding   

  12  0:01  SCV  
  13  0:13  SCV  
  14  0:18  Supply Depot  
  14  0:25  SCV  
  15  0:39  SCV  
  16  0:52  SCV  
  17  0:58  Command Center  
  17  1:04  SCV  
  18  1:16  SCV  
  18  1:17  Barracks  
  19  1:28  SCV  
  19  1:29  Barracks  
  20  1:40  SCV  
  20  1:42  Barracks  
  21  1:52  SCV  
  22  2:04  Orbital Command  
  22  2:05  Marine  
  23  2:10  Orbital Command  
  23  2:16  Marine  
  24  2:25  Marine  
  26  2:30  Marine, SCV  
  26  2:33  Refinery  
  26  2:34  Refinery  
  26  2:35  SCV  
  28  2:38  Marine  
  28  2:42  SCV  
  28  2:43  Marine  
  31  2:48  Supply Depot, SCV  
  31  2:49  Marine  
  33  2:54  SCV  
  35  3:00  Marine, SCV  
  35  3:04  Barracks Tech Lab  
  36  3:08  SCV  
  36  3:10  Marine  
  36  3:11  Supply Depot  
  36  3:12  SCV  
  39  3:18  Marine  
  40  3:20  SCV  
  40  3:22  Marine  
  40  3:23  Stimpack  
  40  3:24  SCV  
  43  3:27  Supply Depot  
  43  3:29  Marine  
  43  3:32  SCV  
  45  3:36  Marine, SCV  
  45  3:40  Marine  
  48  3:44  SCV  
  48  3:47  Factory, Marine  
  48  3:48  Engineering Bay, SCV  
  51  3:55  Marine  
  52  3:56  SCV  
  52  3:58  Marine  
  52  4:00  SCV  
  55  4:06  Supply Depot  
  55  4:08  SCV  
  57  4:10  Supply Depot  
  57  4:11  Refinery  
  57  4:12  SCV  
  57  4:14  Terran Infantry Weapons Level 1  
  59  4:18  Missile Turret  
  59  4:19  Barracks Tech Lab  
  59  4:20  Barracks Reactor  
  59  4:22  SCV, Missile Turret  
  58  4:26  Supply Depot  
  58  4:32  Starport  
  58  4:34  SCV  
  58  4:36  SCV  
  61  4:41  Marauder  
  61  4:43  Marauder  
  64  4:46  SCV  
  64  4:50  Factory Reactor  
  64  4:51  Bunker  
  64  4:52  Bunker  
  65  4:56  Marine  
  66  5:03  Supply Depot  
  63  5:19  Liberator  
  63  5:25  Marine  
  63  5:26  Marine  
  63  5:28  Marauder, Widow Mine  
  47  5:43  Marine  
  47  5:45  Marauder  
  47  5:46  SCV  
  47  5:49  Marauder  
  34  6:04  Marine  
  34  6:06  Marauder  
  34  6:10  Marine  
  32  6:18  SCV  
  32  6:23  SCV  
Show
View Real Time Build Order
Export as new Build Order

Rodzyn Protoss - Winner!

Build Orders: 1 Gate Expand 

Get SALT Encoding   

  12  0:01  Probe (Chrono Boost)  
  13  0:11  Probe (Chrono Boost)  
  14  0:17  Pylon  
  14  0:22  Probe (Chrono Boost)  
  16  0:35  Gateway, Probe (Chrono Boost)  
  16  0:46  Probe (Chrono Boost)  
  16  0:47  Assimilator  
  17  0:56  Probe (Chrono Boost)  
  18  1:07  Probe (Chrono Boost)  
  19  1:25  Nexus  
  19  1:28  Probe (Chrono Boost)  
  20  1:38  Probe (Chrono Boost)  
  20  1:39  Cybernetics Core  
  21  1:44  Assimilator  
  21  1:49  Probe (Chrono Boost)  
  22  1:54  Pylon  
  22  2:00  Probe (Chrono Boost)  
  23  2:11  Pylon  
  23  2:12  Probe (Chrono Boost)  
  24  2:16  Stalker (Chrono Boost)  
  24  2:18  Warp Gate (Chrono Boost)  
  26  2:23  Probe  
  27  2:36  Probe (Chrono Boost)  
  28  2:40  Robotics Facility  
  28  2:42  Probe (Chrono Boost)  
  29  2:48  Probe (Chrono Boost)  
  30  2:58  Probe  
  31  2:59  Probe  
  32  3:09  Gateway  
  32  3:10  Gateway, Probe  
  32  3:12  Probe  
  34  3:24  Gateway  
  34  3:26  Immortal  
  38  3:43  Probe (Chrono Boost)  
  38  3:45  Probe (Chrono Boost)  
  41  3:57  Probe (Chrono Boost)  
  41  4:00  Immortal  
  41  4:02  Probe (Chrono Boost)  
  46  4:12  Pylon  
  46  4:17  Adept x3  
  48  4:21  Probe (Chrono Boost)  
  48  4:22  Probe (Chrono Boost)  
  54  4:31  Pylon x2  
  54  4:34  Adept, Warp Prism  
  56  4:39  Stalker  
  56  4:41  Stalker  
  62  4:50  Stalker  
  64  4:53  Pylon  
  64  4:57  Adept  
  66  5:08  Immortal  
  66  5:12  Adept x2  
  74  5:15  Adept  
  74  5:19  Pylon  
  74  5:30  Adept  
  65  5:40  Adept x3  
  71  5:42  Immortal  
  75  6:03  Adept x4  
  65  6:17  Probe (Chrono Boost)  
  65  6:18  Assimilator, Probe (Chrono Boost)  
  67  6:20  Assimilator  
  67  6:24  Adept x4  
  76  6:29  Pylon  
Tags
 
Add a new tag
Caveats
  • Supply blocks, unpowered buildings, or Contaminate may cause inaccurate times.
  • Supply counts are checked every 10 seconds.